 Dungeon Sprint DCSS version 0.24-a0-269-g32ec7ca (webtiles) character file.

Game seed: 17251227382868176990

13 Lanoc the Skirmisher (level 2, -16/37 HPs)
             Began as a Demonspawn Fighter on Apr 21, 2019.
             Killed by divine providence
             ... invoked by an orc priest
              (17 damage)
             ... in the Dungeon (Sprint IX: "|||||||||||||||||||||||||||||").
             The game lasted 00:00:23 (26 turns).

Lanoc the Skirmisher (Demonspawn Fighter)             Turns: 26, Time: 00:00:24

Health: -16/37     AC:  6    Str: 21    XL:     2   Next: 24%
Magic:  2/2        EV:  8    Int:  9    God:
Gold:   0          SH:  9    Dex: 12    Spells: 1/1 levels left

rFire    . . .     SeeInvis .   a - +0 long sword
rCold    . . .     Gourm    .   c - +0 shield
rNeg     . . .     Faith    .   b - +0 scale mail
rPois    .         Spirit   .   (helmet restricted)
rElec    .         Reflect  .   (no cloak)
rCorr    .         Harm     .   (no gloves)
MR       .....     NoTele   +   (no boots)
Stlth    ..........             (no amulet)
HPRegen  0.12/turn              (no ring)
MPRegen  0.08/turn              (no ring)

@: berserking, very quick
A: horns 1
a: no special abilities


You were in the Dungeon.
You were not hungry.

You visited 1 branch

Inventory:

Hand Weapons
 a - a +0 long sword (weapon)
Armour
 b - a +0 scale mail (worn)
 c - a +0 shield (worn)
Scrolls
 k - a scroll of blinking
Potions
 d - a potion of might
 e - a potion of curing
 g - a potion of heal wounds
 h - a potion of haste
 i - 2 potions of magic
Comestibles
 f - a ration


   Skills:
 + Level 4.0 Fighting
 * Level 2.0 Long Blades
 + Level 3.6 Armour
 + Level 2.0 Dodging
 - Level 2.6 Shields


You had one spell level left.
You didn't know any spells.
Your spell library was empty.

Dungeon Overview and Level Annotations

Branches:
Dungeon (1/1)

Altars:


Innate Abilities, Weirdness & Mutations

You have a pair of small horns on your head.


Message History

You kill the leopard gecko!
Your Fighting skill increases to level 4!
Your Long Blades skill increases to level 2!
The orc priest mumbles some strange prayers to Beogh against you.
Pain shoots through your body!
You closely miss the orc priest.
The orc priest hits you with a +0 flail of crushing.
You hit the orc priest.
The orc priest is moderately wounded.
The orc priest hits you with a +0 flail of crushing!
A red film seems to cover your vision as you go berserk!
You feel yourself moving faster!
You feel mighty!
The orc priest calls down the wrath of Beogh upon you.
Beogh smites you!
* * * LOW HITPOINT WARNING * * *
You closely miss the orc priest.
The orc priest is moderately wounded.
The orc priest mumbles some strange prayers to Beogh against you.
Beogh smites you!
You die...

▓.▓
▓.▓
▓.▓
▓)▓
▓.▓
▓.▓
▓.▓
▓.▓
▓@▓
▓o▓
▓a▓
▓5▓
▓Z▓
▓.▓
▓.▓
▓+▓


You could see a worker ant, an orc priest, a crimson imp and a bat zombie.

Vanquished Creatures
  An ooze (D)
  A dart slug (D)
  A leopard gecko (D)
  A giant cockroach (D)
  A hobgoblin (D)
  A frilled lizard (D)
6 creatures vanquished.

Notes
Turn   | Place    | Note
-------+----------+-------------------------------------------
     0 | D        | Lanoc the Demonspawn Fighter began the quest for the Orb.
     0 | D        | Reached XP level 1. HP: 18/18 MP: 1/1
     6 | D        | Reached skill level 1 in Dodging
    10 | D        | Gained mutation: You have a pair of small horns on your
                  | head. [demonic ancestry]
    10 | D        | Reached XP level 2. HP: 21/25 MP: 2/2
    20 | D        | Noticed a crimson imp
    22 | D        | Reached skill level 4 in Fighting
    25 | D        | HP: 1/37 [orc priest/divine providence (12)]
    26 | D        | Killed from afar by an orc priest

Levels and vault maps discovered:
D:        linesprint [early_d, line_temple, items_1, d_10, items_2, lair_1,
          lair_end, items_3, orc_1, orc_end, items_4, d_15, swamp_1, shoals_1,
          snake_1, spider_1, d_20, vaults_1, items_5, swamp_end, shoals_end,
          snake_end, spider_end, vaults_end, d_27, items_6, zot_1, zot_end,
          crypt_end, forest_end, elf_end, slime_end, tomb_end, abyss_end,
          pan_hell_end]

Skill      XL: |  1  2 |
---------------+-------+-----
Armour         | 3 |  3.6
Dodging        | 1 2 |  2.0
Fighting       | 4 |  4.0
Long Blades    | 2 |  2.0
Shields        | |  2.6

Action                   || total
-------------------------++-------
Melee: Long sword        ||    15
       Headbutt          ||     2
  Use: Potion            ||     1
Armor: Scale mail        ||     4
Dodge: Dodged            ||     4
Block: Shield            ||     3
       Rpst.: Long sword ||     2

Table legend:
 A = Non-vault XP
 B = Vault XP
 C = Vault XP percentage of total XP
 D = Non-vault monster count
 E = Vault monster count
 F = Vault count percentage of total count
                 A         B        C        D         E       F
            +---------+---------+-------+---------+---------+-------
      Total |       0 |      19 | 100.0 |       0 |       6 | 100.0
            +---------+---------+-------+---------+---------+-------
          D |       0 |      19 | 100.0 |       0 |       6 | 100.0
            +---------+---------+-------+---------+---------+-------
